[Event "Live Chess"]
[Site "Chess.com"]
[Date "2023.05.21"]
[Round "-"]
[White "LiamBellwood"]
[Black "Long1968"]
[Result "1-0"]
[WhiteElo "1923"]
[BlackElo "969"]
[TimeControl "300"]
[EndTime "5:43:37 PDT"]
[Termination "LiamBellwood won on time"]

1. d4 e6 2. Nc3 Nf6 3. Bf4 Nc6 4.
Nf3 Bb4 5. Qd3 Nd5 6. Bd2 Nxc3 7.
bxc3 Be7 8. e4 d5 9. e5 f6 10. Bf4 fxe5 11. Nxe5 Nxe5 12. Bxe5 Bf6 13. f4 O-O 14. Be2 b6 15. O-O a5 16. Bg4 Qe7 17. c4 Ba6 18. Bxf6 Qxf6 19. Qe3 Rae8 20. Rfe1 Kf7 21. cxd5 Bc8 22. dxe6+ Bxe6 23. Bxe6+ Rxe6 24. Qb3 Re8 25. f5 Qxf5 26. Rf1 1-0

[Event "Live Chess"]
[Site "Chess.com"]
[Date "2023.05.21"]
[Round "-"]
[White "JoshMcK"]
[Black "CheckThis4"]
[Result "0-1"]
[WhiteElo "1572"]
[BlackElo "2515"]
[TimeControl "300"]
[EndTime "5:43:41 PDT"]
[Termination "CheckThis4 won by resignation"]

1. e4 c5 2. c3 Nf6 3. e5 Nd5 4.
Nf3 d6 5. exd6 e6 6. g3 Bxd6 7.
Bg2 Nc6 8. O-O O-O 9. d4 cxd4 10.
Nxd4 Nxd4 11. Qxd4 Qe7 12. Nd2 Bc5 13. Qd3 Bd7 14.
Bxd5 exd5 15. Qxd5 Bc6 16. Qc4 b5 17. Qd3 Rad8 18.
Qc2 Rfe8 19. Nb3 Bb6 20. Bf4 Be4 21. Qc1 Ba8 22. Re1 Qb7 23. Rxe8+ Rxe8 0-1

[Event "Live Chess"]
[Site "Chess.com"]
[Date "2023.05.21"]
[Round "-"]
[White "martynstanley"]
[Black "Alfiedog12"]
[Result "1-0"]
[WhiteElo "1025"]
[BlackElo "913"]
[TimeControl "300"]
[EndTime "5:43:43 PDT"]
[Termination "martynstanley won on time"]

1. d4 d5 2. e3 c6 3. Bd3 Nf6 4. f4 Bg4 5. Nf3 e6 6. O-O Ne4 7. Qe2 Nd7 8. Nbd2 Bxf3 9. Rxf3 Ndf6 10. c3 Qc7 11. b3 g5 12. c4 g4 13. Rf1 h5 14. f5 e5 15. dxe5 Qxe5 16. Nxe4 dxe4 17.
Bc2 h4 18. Rb1 h3 19. g3 Nh5 20. Bb2 Nxg3 21. hxg3 Qxg3+ 22. Kh1 h2 23. Bxh8 Bc5 24. Qg2 Qxe3 25. Be5 Ke7 26. Bxh2 Rh8 27. Bxe4 g3 28. f6+ Ke6 29. Bd5+ Kd6 30. Rbe1 Qg5 31. Re6+ fxe6 32.
f7 Rxh2+ 33. Qxh2 Qe3 34. f8=Q+ Ke5 35. Qh5+ Kd4 36. Qg7+ Kd3 37. Rd1+ Kc2 38. Qgg6+ Kb2 39. Qb1+ Ka3 40. Re1 g2+ 41. Kh2 g1=Q+ 42. Rxg1 Qf4+ 43. Rg3 1-0

[Event "Live Chess"]
[Site "Chess.com"]
[Date "2023.05.21"]
[Round "-"]
[White "MJMykh"]
[Black "LodeshChess"]
[Result "0-1"]
[WhiteElo "1140"]
[BlackElo "1191"]
[TimeControl "300"]
[EndTime "5:43:45 PDT"]
[Termination "LodeshChess won by checkmate"]

1. e4 c6 2. d4 d5 3. e5 Bf5 4. Nc3 e6 5. Nf3 c5 6. dxc5 Bxc5 7. a3 Qb6 8. Bb5+ Nc6 9. Bxc6+ bxc6 10.
O-O Ne7 11. Na4 Qb5 12. Nxc5 Qxc5 13. c3 O-O 14. Bg5 h6 15. Bxe7 Qxe7 16. Qa4 Qb7 17. b4 Qb5 18. Qxb5 cxb5 19. Nd4 a6 20. Nxf5 exf5 21.
a4 Rfe8 22. axb5 axb5 23. Rxa8 Rxa8 24. Re1 Kf8 25. e6 fxe6 26. Rxe6 Ra1+ 27. Re1 Rxe1# 0-1

[Event "Live Chess"]
[Site "Chess.com"]
[Date "2023.05.21"]
[Round "-"]
[White "ViktorTheCoolBoy"]
[Black "Leonid_Starozhilov"]
[Result "0-1"]
[WhiteElo "2472"]
[BlackElo "2638"]
[TimeControl "300"]
[EndTime "5:43:54 PDT"]
[Termination "Leonid_Starozhilov won by resignation"]

1. e4 Nc6 2. Nf3 d6 3. d4 Nf6 4. Nc3 g6 5. h3 Bg7 6. Be3 O-O 7. Qd2 e5 8. O-O-O exd4 9. Nxd4 Re8 10. f3 Bd7 11. g4 a6 12. h4 b5 13. h5 b4 14.
Nce2 d5 15. hxg6 hxg6 16. Bh6 Bh8 17. exd5 Nxd5 18. Nb3 Qf6 19. c4 bxc3 20. bxc3 Rxe2 21. Bxe2 Nxc3 22. Bc4 Nxd1 23. Rxd1 Be6 24. Bxe6 Qxe6 25. Qd5 Qxd5 26. Rxd5 Rd8 27. Rc5 Nb4 28. Rxc7 Nxa2+ 29. Kb1 Nc3+ 30. Kc2 Nd5 31. Rb7 Rc8+ 32. Kd2 a5 33. Rb5 a4 34. Nc5 a3 35. Ra5 Bc3+ 36. Kd3 Bxa5 37. Kc4 a2 0-1

[Event "Live Chess"]
[Site "Chess.com"]
[Date "2023.05.21"]
[Round "-"]
[White "MaximKhimchenko"]
[Black "yarek"]
[Result "0-1"]
[WhiteElo "1404"]
[BlackElo "1869"]
[TimeControl "300"]
[EndTime "5:43:54 PDT"]
[Termination "yarek won by resignation"]

1. e4 g6 2. Nf3 Bg7 3. d4 c6 4. d5 d6 5. Bc4 Nf6 6. Bg5 Nxe4 7. Bc1 Bg4 8. O-O O-O 9. Nc3 Nxc3 10.
bxc3 Bxc3 11. Rb1 Qc7 12. Qd3 Bg7 13. Bb2 Bf5 14. Qb3 b6 15. Bxg7 Kxg7 16. Qc3+ Kg8 17.
Qb3 Nd7 18. Rfe1 Nc5 19. Qb2 b5 20. Bb3 Nxb3 21. Qxb3 a6 22. dxc6 Qxc6 23. Rxe7 Bxc2 24. Qb2 Bxb1 25. Qxb1 Rac8 26. Ng5 Qc1+ 27. Re1 Qxg5 0-1

[Event "Live Chess"]
[Site "Chess.com"]
[Date "2023.05.21"]
[Round "-"]
[White "JohanKjeldahl"]
[Black "WelshTiger"]
[Result "0-1"]
[WhiteElo "1864"]
[BlackElo "2301"]
[TimeControl "300"]
[EndTime "5:43:55 PDT"]
[Termination "WelshTiger won by resignation"]

1. c4 e6 2. Nc3 d5 3. d4 c5 4.
Nf3 Nc6 5. g3 Nf6 6. Bg2 Be7 7.
cxd5 exd5 8. O-O O-O 9. dxc5 d4 10. Nb1 Bf5 11. Nbd2 Bxc5 12. Nb3 Bb6 13. Bg5 h6 14. Bxf6 Qxf6 15. Rc1 Rad8 16. Nh4 Bg4 17. Nf3 Rfe8 18. Qd3 Bxf3 19. Bxf3 Ne5 20. Qe4 d3 21. Qxb7 Rd7 22.
Qe4 Nxf3+ 23. Qxf3 Rxe2 24. Rfd1 Qxf3 0-1

[Event "Live Chess"]
[Site "Chess.com"]
[Date "2023.05.21"]
[Round "-"]
[White "The_Straightforward_Rook"]
[Black "garyjc"]
[Result "1-0"]
[WhiteElo "1986"]
[BlackElo "1040"]
[TimeControl "300"]
[EndTime "5:43:58 PDT"]
[Termination "The_Straightforward_Rook won by resignation"]

1. e4 c5 2. Nf3 a6 3. c3 Nc6 4. d4 cxd4 5. cxd4 d6 6. Nc3 e5 7. d5 Na7 8. Be2 Nf6 9. O-O Be7 10. h3 O-O 11. Be3 Bd7 12. a4 Qa5 13. Qd2 Qd8 14. b4 Rc8 15. Bxa7 1-0

[Event "Live Chess"]
[Site "Chess.com"]
[Date "2023.05.21"]
[Round "-"]
[White "sanjesh_ananda"]
[Black "Biranidun"]
[Result "0-1"]
[WhiteElo "1196"]
[BlackElo "2524"]
[TimeControl "300"]
[EndTime "5:44:12 PDT"]
[Termination "Biranidun won by resignation"]

1. e4 c5 2. Nf3 d6 3. Bc4 Nf6 4. Nc3 g6 5. O-O Bg7 6. d4 cxd4 7. Nxd4 O-O 8. f4 Nc6 9. Nf3 Bg4 10. h3 Bxf3 11. Qxf3 Rc8 12. e5 dxe5 13. Bb3 exf4 14. Bxf4 Qb6+ 15. Kh1 Nd4 16. Qd1 Rcd8 17. Qe1 Nh5 18.
Be3 Qc7 19. Bxd4 Ng3+ 20. Kg1 Bxd4+ 21. Rf2 Qb6 22. Ne2 Bxf2+ 23. Qxf2 Nxe2+ 24. Kf1 Qxf2+ 25. Kxf2 Nd4 0-1

[Event "Live Chess"]
[Site "Chess.com"]
[Date "2023.05.21"]
[Round "-"]
[White "Anirudh_23"]
[Black "GwaryTek"]
[Result "1/2-1/2"]
[WhiteElo "1890"]
[BlackElo "2054"]
[TimeControl "300"]
[EndTime "5:44:15 PDT"]
[Termination "Game drawn by agreement"]

1. Nf3 d5 2. g3 c5 3. Bg2 Nc6 4. d4 Nf6 5. O-O e6 6. c4 cxd4 7. Nxd4 Bd7 8. Nc3 Be7 9. cxd5 exd5 10. Nxd5 Nxd5 11. Bxd5 O-O 12. Nxc6 bxc6 13. Bg2 Rb8 14. Qa4 Bc5 15. Rd1 Qf6 16. Bf4 Rb7 17. Qc2 Bb6 18. Rd6 Qe7 19. Rad1 Be8 20. Bxc6 Rc7 21. Qe4 Bxc6 22.
Qxe7 Rxe7 23. Rxc6 Rxe2 24. Be3 Rxb2 25. Bxb6 axb6 26.
Rdd6 h6 27. a4 Ra8 28. Rxb6 Rxb6 29. Rxb6 Rxa4 30. Kg2 1/2-1/2

[Event "Live Chess"]
[Site "Chess.com"]
[Date "2023.05.21"]
[Round "-"]
[White "whatnot126"]
[Black "Ferrarifan27"]
[Result "0-1"]
[WhiteElo "2050"]
[BlackElo "2066"]
[TimeControl "300"]
[EndTime "5:44:33 PDT"]
[Termination "Ferrarifan27 won by resignation"]

1. e4 e5 2. Nf3 Nc6 3. d4 exd4 4. Bc4 Bb4+ 5. c3 dxc3 6. O-O d6 7. bxc3 Bc5 8. Qb3 Qd7 9. Bd3 Nf6 10. Bg5 Ng4 11. Nbd2 O-O 12. a4 h6 13. Bh4 a5 14. Rad1 Qe6 15.
Bc4 Qg6 16. h3 Nge5 17. Nxe5 Nxe5 18. Be2 Bxh3 19. Bg3 Qxg3 0-1

[Event "Live Chess"]
[Site "Chess.com"]
[Date "2023.05.21"]
[Round "-"]
[White "RockTroll"]
[Black "Nazar_777"]
[Result "1-0"]
[WhiteElo "2225"]
[BlackElo "1557"]
[TimeControl "300"]
[EndTime "5:44:57 PDT"]
[Termination "RockTroll won by checkmate"]

1. g3 e6 2. Bg2 a6 3. Nf3 h5 4. O-O c5 5. c4 Nf6 6. Nc3 Nc6 7. d4 cxd4 8. Nxd4 Be7 9. b3 Qc7 10.
Bb2 Ng4 11. Rc1 Bf6 12. Nd5 Qb8 13. Nxf6+ gxf6 14. Nxc6 bxc6 15. h3 Ne5 16. f4 Ng6 17. Bxf6 Rg8 18. Kh2 Ne7 19. Be5 Qb7 20. e3 Qb6 21.
Qxh5 Qxe3 22. Qf3 Qxf3 23. Bxf3 Nf5 24. g4 Nh4 25. Kg3 Ng6 26. Bd6 Bb7 27. h4 Ne7 28. h5 Nf5+ 29. Kh3 Nxd6 30. h6 f5 31. g5 Rb8 32. Bh5+ Ke7 33. g6 Ne4 34. h7 Rh8 35.
Bf3 Nf6 36. Rg1 c5 37. Bxb7 Rxb7 38. Rg5 Rbb8 39. Kg3 Ne4+ 40. Kf3 Nxg5+ 41. fxg5 e5 42. Rh1 d6 43. g7 Kf7 44. gxh8=Q Rxh8 45. Rh6 Ke7 46. Kg3 f4+ 47. Kg4 a5 48. Kf5 Rf8+ 49.
Kg6 f3 50. h8=Q Rxh8 51. Rxh8 e4 52. Rh7+ Ke6 53. Rf7 Ke5 54. Kh7 Kd4 55. g6 Ke3 56. g7 f2 57. g8=Q Ke2 58. Qg2 e3 59. Rf3 d5 60. cxd5 c4 61. bxc4 a4 62. Rxe3+ Kxe3 63. Qf1 a3 64. d6 Kd2 65. d7 Kc3 66. d8=Q Kb2 67. Qd4+ Kxa2 68. Qfxf2+ Kb1 69. Qd1# 1-0

[Event "Live Chess"]
[Site "Chess.com"]
[Date "2023.05.21"]
[Round "-"]
[White "LiamClery2020"]
[Black "JanMur7"]
[Result "0-1"]
[WhiteElo "1981"]
[BlackElo "1961"]
[TimeControl "300"]
[EndTime "5:44:58 PDT"]
[Termination "JanMur7 won by resignation"]

1. e4 e5 2. Nc3 Nf6 3. f4 d5 4. fxe5 Nxe4 5. Qf3 Nxc3 6. bxc3 c5 7. Bb5+ Nc6 8. Qg3 Be6 9. Nf3 h5 10. O-O h4 11.
Qf2 h3 12. g3 Be7 13. d4 cxd4 14. Nxd4 Qd7 15. Be3 a6 16. Bxc6 bxc6 17. Rab1 O-O 18. Nb3 Rab8 19. Bc5 Rfc8 20. Bxe7 Qxe7 21. Nd4 Rxb1 22.
Rxb1 c5 23. Nb3 Qc7 24. Qf4 Rb8 25. Rf1 Qc6 26. Qh4 d4 27. Rf2 c4 28. Nc1 dxc3 29.
g4 Qe4 30. Qxh3 Rb1 31. Rf1 Qd4+ 32. Kh1 Bd5+ 0-1

[Event "Live Chess"]
[Site "Chess.com"]
[Date "2023.05.21"]
[Round "-"]
[White "Brooms1989"]
[Black "Greenbecker"]
[Result "0-1"]
[WhiteElo "1164"]
[BlackElo "1679"]
[TimeControl "300"]
[EndTime "5:45:06 PDT"]
[Termination "Greenbecker won by resignation"]

1. e4 e6 2. d4 d5 3. Nc3 dxe4 4. Nxe4 Bd7 5. Nf3 Bc6 6. Nc3 Nf6 7. Bc4 Bb4 8. O-O O-O 9. a3 Be7 10. Bg5 Bxf3 11. Qxf3 c6 12. Ne2 Nbd7 13. Qg3 Nd5 14. Bh6 Bf6 15. Bxd5 exd5 16. f4 Re8 17. Rf2 Qe7 18.
Re1 Qe3 19. Qxe3 Rxe3 20. Bg5 Bxd4 21. f5 Ree8 22. Rf1 0-1

[Event "Live Chess"]
[Site "Chess.com"]
[Date "2023.05.21"]
[Round "-"]
[White "Hacker_2009"]
[Black "hturner40"]
[Result "1-0"]
[WhiteElo "1942"]
[BlackElo "1785"]
[TimeControl "300"]
[EndTime "5:45:12 PDT"]
[Termination "Hacker_2009 won on time"]

1. d4 Nf6 2. Nf3 g6 3. c4 Bg7 4. Nc3 d5 5. e3 c5 6. cxd5 Nxd5 7. Be2 Nc6 8. O-O O-O 9. Qb3 Nxc3 10. bxc3 Be6 11.
Qd1 cxd4 12. cxd4 Rc8 13. Bb2 Nb4 14. a3 Rc2 15. Rb1 Bb3 16. axb4 Rxb2 17. Qd3 Bc2 18. Qc3 Rxb1 19. Qxc2 Rxf1+ 20. Bxf1 Qb6 21. Qc5 Qxc5 22.
bxc5 Rc8 23. Nd2 e5 24. Nb3 exd4 25. exd4 a5 26. Nxa5 Bxd4 27. Nxb7 Bxc5 28. Nxc5 Rxc5 29. g3 Rc2 30. Kg2 g5 31. h3 h5 32. h4 gxh4 33. gxh4 Kg7 34. Kg3 Kh6 35. f3 Rd2 36. Bc4 Kg6 37.
Bb3 f6 38. Ba4 Ra2 39. Be8+ Kh6 40. Bc6 Ra1 41. Be4 Rg1+ 42. Kf4 Rg8 43. Bf5 Kg7 44. Kg3 Kf7+ 45. Bg4 1-0

[Event "Live Chess"]
[Site "Chess.com"]
[Date "2023.05.21"]
[Round "-"]
[White "romchyk1219"]
[Black "KeithArkell"]
[Result "0-1"]
[WhiteElo "646"]
[BlackElo "2474"]
[TimeControl "300"]
[EndTime "5:45:38 PDT"]
[Termination "KeithArkell won by checkmate"]

1. e4 c6 2. d4 d5 3. e5 c5 4. dxc5 Nc6 5. Nf3 Bg4 6. Bf4 e6 7.
Bb5 Qa5+ 8. Nc3 Bxc5 9. Bxc6+ bxc6 10. h3 Bxf3 11. Qxf3 Ne7 12. O-O Ng6 13. Bd2 Qc7 14.
Bf4 Nxf4 15. Qxf4 O-O 16. Ne2 Rab8 17. b3 Rb4 18. c4 f6 19. exf6 Qxf4 20. Nxf4 Rxf6 21.
Nd3 Bf8 22. Nxb4 Bxb4 23. a3 Bc3 24. Rac1 Bd4 25. cxd5 cxd5 26. Rc8+ Kf7 27. Rc7+ Kg6 28. Rcc1 a5 29. b4 axb4 30. axb4 Rf7 31. Rb1 Rb7 32.
Rb3 Bb6 33. Rfb1 Rc7 34. Kh2 h5 35. g4 hxg4 36. hxg4 Kg5 37. Kg3 Rf7 38. Rf3 Bc7+ 39. Kg2 Bf4 40. b5 Kxg4 41. b6 Rb7 42. Rb4 g5 43. Rh3 Kf5 44. Rh5 Ke5 45. Kf3 Kd6 46. Kg4 Kc5 47. Rb1 Rxb6 48. Rxb6 Kxb6 49. Rh6 Kc5 50. Rxe6 d4 51. Re1 d3 52. Rd1 Kd4 53.
f3 d2 54. Kf5 Ke3 55. Rxd2 Kxd2 56. Kg4 Ke2 57. Kf5 Kxf3 58. Kg6 g4 59. Kh5 g3 60. Kg6 g2 61. Kf5 g1=Q 62. Ke6 Qg6+ 63. Kd5 Qd6+ 64. Kc4 Ke4 65. Kc3 Qc5+ 66. Kb3 Be5 67. Ka4 Qb6 68. Ka3 Qb5 69. Ka2 Qb2# 0-1

[Event "Live Chess"]
[Site "Chess.com"]
[Date "2023.05.21"]
[Round "-"]
[White "davigator"]
[Black "raminguy"]
[Result "1-0"]
[WhiteElo "2318"]
[BlackElo "1955"]
[TimeControl "300"]
[EndTime "5:45:41 PDT"]
[Termination "davigator won by resignation"]

1. e4 e5 2. Nf3 Nc6 3. Bc4 Bc5 4. c3 Nf6 5. d3 O-O 6. Nbd2 a5 7. a4 d5 8. exd5 Nxd5 9. O-O Be6 10. Re1 Ba7 11.
Bb5 f6 12. Ne4 Bf7 13. h3 Nde7 14. Be3 Bxe3 15. Rxe3 Qd7 16. Qc2 Rad8 17. Rd1 Nd5 18.
Ree1 Nf4 19. d4 Qf5 20. Bxc6 bxc6 21. dxe5 Nxh3+ 22. Kh2 Nf4 23. exf6 Qg4 24. Ng3 h5 25.
fxg7 Kxg7 26. Nf5+ Kh8 27. N5h4 Rxd1 28. Qxd1 Rg8 29.
Qd4+ Rg7 30. Re4 c5 31. Qe5 Ng6 32. Nxg6+ Qxg6 33. Nh4 Qg5 34. g3 Qxe5 35. Rxe5 Bb3 36. Rxc5 Bxa4 37. Rxa5 Bd1 38. f3 Re7 39. Rxh5+ Kg7 40.
Rc5 Re2+ 41. Kh3 Rxb2 42. Rxc7+ Kf6 43. Kg4 Rc2 44. Kf4 1-0

[Event "Live Chess"]
[Site "Chess.com"]
[Date "2023.05.21"]
[Round "-"]
[White "YrrriKharkiv"]
[Black "tpm07"]
[Result "1-0"]
[WhiteElo "2077"]
[BlackElo "1942"]
[TimeControl "300"]
[EndTime "5:45:48 PDT"]
[Termination "YrrriKharkiv won by resignation"]

1. d4 Nf6 2. Nf3 d6 3. c4 g6 4. Nc3 Bg7 5. h3 O-O 6. Bg5 h6 7.
Be3 Nbd7 8. Qd2 Kh7 9. g4 c5 10.
g5 hxg5 11. Nxg5+ Kg8 12. Bg2 cxd4 13. Bxd4 e5 14. Be3 Nc5 15. O-O-O Bf5 16. Qxd6 Qa5 17. Qxc5 1-0

[Event "Live Chess"]
[Site "Chess.com"]
[Date "2023.05.21"]
[Round "-"]
[White "mliszewski"]
[Black "GMHarry-youtube"]
[Result "0-1"]
[WhiteElo "1804"]
[BlackElo "2028"]
[TimeControl "300"]
[EndTime "5:45:50 PDT"]
[Termination "GMHarry-youtube won on time"]

1. d4 Nf6 2. Bg5 g6 3. Bxf6 exf6 4. e3 d5 5. g3 c5 6. c3 cxd4 7. cxd4 Bg7 8. Bg2 O-O 9. Ne2 Nc6 10. O-O f5 11.
Nbc3 Be6 12. Nf4 g5 13. Nfxd5 Bxd5 14. Nxd5 Ne7 15. Nc3 Rb8 16. b4 Ng6 17. a4 f4 18.
gxf4 gxf4 19. Qg4 f5 20. Qe2 Nh4 21. Bd5+ Kh8 22. Qh5 Rc8 23. Bxb7 Rxc3 24. b5 Rf6 25. Kh1 Rh6 26. Qf7 Rc7 27. Qd5 Qxd5+ 28. Bxd5 f3 29. Rg1 f4 30. Rg4 fxe3 31. fxe3 Ng2 32. Bxf3 Nxe3 33. Re4 Nc2 34. Re8+ Bf8 35. Rg1 Rf7 36. Bd5 Rhf6 37. Bxf7 Rxf7 38. d5 h6 39. d6 Kh7 40. d7 Rxd7 41. Rxf8 Nb4 42. Rf4 a5 43. Rgf1 Kg6 44. Rf6+ Kg7 45. Ra6 Nxa6 46. bxa6 Ra7 47. Rg1+ Kh7 48. Rg4 Rxa6 49. Kg2 h5 50. Rd4 Kg6 51. h4 Kf5 52. Kg3 Re6 53. Rd5+ Re5 54. Rd3 Ke4 55. Rd1 Rf5 56. Re1+ Kd4 57. Rd1+ Kc4 58.
Rb1 Rd5 59. Rc1+ Kb4 60. Ra1 Rd4 61. Kh3 Rd3+ 62. Kg2 Ra3 63. Rf1 Rxa4 64. Rf5 Ra2+ 65. Kf3 a4 66. Rxh5 a3 67. Rh8 Rh2 68. h5 a2 69. Ra8 Kb3 70. Rb8+ Kc4 71. Ra8 Kc3 72.
Rc8+ Kb2 73. Rb8+ Ka1 74. Kg4 Rg2+ 75. Kf5 Rb2 76. Ra8 Kb1 77. h6 Rh2 78. Kg6 Rg2+ 79. Kf7 a1=Q 80. Rxa1+ Kxa1 81. h7 Rf2+ 82. Kg8 Rg2+ 83. Kh8 Rc2 84. Kg8 Kb2 85. h8=Q+ Kb3 86. Qh3+ Kb4 0-1

[Event "Live Chess"]
[Site "Chess.com"]
[Date "2023.05.21"]
[Round "-"]
[White "onemoretime1975"]
[Black "Ayursworld"]
[Result "1-0"]
[WhiteElo "1876"]
[BlackElo "1368"]
[TimeControl "300"]
[EndTime "5:46:00 PDT"]
[Termination "onemoretime1975 won by checkmate"]

1. e4 c5 2. Nf3 Nc6 3. d3 e5 4. g3 Nf6 5. Bg2 d6 6. c3 Be7 7. O-O Bg4 8. h3 Bxf3 9. Qxf3 O-O 10.
Qd1 Qd7 11. Kh2 Rad8 12. Bg5 h6 13. Bxf6 Bxf6 14. Nd2 Bg5 15. Nf3 Qe7 16. h4 Bf6 17. a4 Qc7 18. Nd2 a5 19. Nc4 b6 20.
Qb3 Rb8 21. Qb5 Na7 22. Qb3 Nc6 23. Bh3 Na7 24. Rae1 Rfd8 25. Bg2 b5 26. axb5 Rxb5 27. Qc2 Qb6 28. f4 Qb7 29. fxe5 dxe5 30. Qe2 a4 31. Qg4 Qc6 32. Rf3 Kh7 33. Ref1 Kh8 34. Qh5 Rf8 35. Rxf6 gxf6 36. Qxh6+ Kg8 37. Rxf6 Qxf6 38. Qxf6 a3 39. bxa3 Rb3 40. Nxe5 Rxa3 41. Bh3 Ra2+ 42. Kg1 Ra1+ 43.
Kf2 Ra2+ 44. Ke3 Ra1 45. Bf5 Re1+ 46. Kf2 Rc1 47. Qg5+ Kh8 48. Qh6+ Kg8 49. Qh7# 1-0

[Event "Live Chess"]
[Site "Chess.com"]
[Date "2023.05.21"]
[Round "-"]
[White "wot-not"]
[Black "jumush"]
[Result "0-1"]
[WhiteElo "1532"]
[BlackElo "1747"]
[TimeControl "300"]
[EndTime "5:46:09 PDT"]
[Termination "jumush won by resignation"]

1. d4 d5 2. c4 e6 3. Nc3 c5 4. cxd5 cxd4 5. Qxd4 Nc6 6. Qd1 exd5 7. Qxd5 Bd7 8. Nf3 Nf6 9. Qg5 h6 10. Qg3 g5 11. e4 Bc5 12. Bb5 Qe7 13. O-O O-O-O 14. Nd5 Nxd5 15. exd5 Bd6 16. Ne5 Nxe5 17. Bxd7+ Nxd7 18. Qc3+ Kb8 19. Be3 b6 20. a4 Rc8 21. Qd3 Qe5 22.
g3 h5 23. a5 Nc5 24. Bxc5 Bxc5 25. axb6 Bxb6 26. Rfe1 Qf6 27. Re2 Rhd8 28. Rd1 h4 29. Kg2 hxg3 30. hxg3 g4 31. Rh1 Rd6 32. Rh4 Qf3+ 33.
Qxf3 gxf3+ 34. Kxf3 Rxd5 35. Re7 Rf5+ 36. Kg4 Rxf2 37.
Rh7 Rc7 38. Re8+ Kb7 39. b4 Rb2 40. Re4 Ka6 41. Rh5 Rd7 42. Rh1 Rd4 43. Rxd4 Bxd4 44. Rd1 Rxb4 45. Kf5 f6 46. g4 Be5 47. g5 fxg5 48.
Kxe5 g4 49. Rd6+ Kb5 50. Rd5+ Ka4 51. Kf5 a5 52. Rd8 g3 53. Rg8 Rb3 0-1

[Event "Live Chess"]
[Site "Chess.com"]
[Date "2023.05.21"]
[Round "-"]
[White "MarkLim1"]
[Black "AbilifyXL"]
[Result "0-1"]
[WhiteElo "1699"]
[BlackElo "1971"]
[TimeControl "300"]
[EndTime "5:46:27 PDT"]
[Termination "AbilifyXL won by resignation"]

1. d4 d5 2. c4 c6 3. Nf3 Nf6 4. e3 Bg4 5. Nbd2 e6 6. Bd3 Nbd7 7. Qc2 Be7 8. O-O O-O 9. b3 Bh5 10.
Bb2 Bg6 11. e4 dxe4 12. Nxe4 Nxe4 13. Bxe4 Nf6 14. Bxg6 hxg6 15. Rad1 Qc7 16. Rfe1 Rad8 17. Ne5 Rfe8 18. Qe2 Bb4 19. Rf1 Qa5 20. Ba1 Bc3 21.
Bxc3 Qxc3 22. Qd2 Ne4 23. Qxc3 Nxc3 24. Rd2 Rxd4 25. Rxd4 Ne2+ 26. Kh1 Nxd4 27. Rd1 c5 28. Nd7 b6 29. b4 Rd8 30. Ne5 g5 31. bxc5 bxc5 32.
Nf3 f6 33. Rb1 Nxf3 34. gxf3 Rd2 35. Rb5 Rxa2 36. Rxc5 Rxf2 37. Rc8+ Kh7 38. c5 Rxf3 39. c6 Rc3 40. c7 a5 41. Kg1 a4 42. Kf2 a3 43. Ra8 Rxc7 44. Rxa3 e5 45. Kf3 Kg6 46.
Ra6 Rc3+ 0-1

[Event "Live Chess"]
[Site "Chess.com"]
[Date "2023.05.21"]
[Round "-"]
[White "ms_lilley"]
[Black "febray_27"]
[Result "0-1"]
[WhiteElo "597"]
[BlackElo "2006"]
[TimeControl "300"]
[EndTime "5:46:29 PDT"]
[Termination "febray_27 won by checkmate"]

1. d4 c5 2. dxc5 Na6 3. Qd4 e6 4.
a4 Nf6 5. b3 Bxc5 6. Qc4 d5 7.
Qd3 Nb4 8. Qb5+ Bd7 9. Qxb7 Nxc2+ 10. Kd2 Nxa1 11. Qa6 Nxb3+ 12. Kc2 Nxc1 13. Kxc1 O-O 14. Nf3 Bxf2 15. h3 Rc8+ 16. Kb2 Ne4 17. Nfd2 Qf6+ 18. Nc3 Qxc3+ 19. Ka2 Nxd2 20. Qb7 Rb8 21. Qxb8 Rxb8 22.
e4 Qb2# 0-1

[Event "Live Chess"]
[Site "Chess.com"]
[Date "2023.05.21"]
[Round "-"]
[White "1600x"]
[Black "MovebyMove"]
[Result "0-1"]
[WhiteElo "1872"]
[BlackElo "2476"]
[TimeControl "300"]
[EndTime "5:46:38 PDT"]
[Termination "MovebyMove won by checkmate"]

1. d4 d5 2. Nc3 Nf6 3. Bf4 c5 4. e3 cxd4 5. Nb5 Qa5+ 6. c3 dxc3 7. b4 Qxb4 8. Nc7+ Kd8 9. Nxa8 c2+ 10. Qd2 e5 11. Bxe5 Ne4 12. Qxb4 Bxb4+ 13. Ke2 Nc6 14.
Bxg7 Rg8 15. f3 Rxg7 16. fxe4 Ba3 17. Kd2 c1=Q+ 18. Rxc1 Bxc1+ 19. Kxc1 dxe4 20. Ne2 b6 21. Ng3 Bb7 22. Nxb6 axb6 23. a4 Ne5 24. Be2 Nd3+ 25. Kd2 Nc5 26. Bc4 Nxa4 27. Rb1 Kc7 28. Kc2 Nc5 29. Kc3 h5 30. Nxh5 Rxg2 31. h4 Rh2 32. Bxf7 Rxh4 33. Nf4 Rh2 34. Bc4 Bc6 35. Rg1 Rh6 36. Bd5 Bxd5 37. Kd4 Bc6 38. Kc4 Rd6 39.
Rg7+ Rd7 40. Nh5 Rxg7 41. Nxg7 Kd6 42. Kc3 Ne6 43. Nh5 Kc5 44. Nf4 Nxf4 45. exf4 b5 46. f5 Bd5 47. f6 b4+ 48. Kd2 b3 49. Kc3 e3 50. f7 Bxf7 51. Kd3 b2 52. Kxe3 b1=Q 53. Kd2 Qb3 54. Ke2 Kd4 55. Kd2 Qd3+ 56. Ke1 Qc2 57. Kf1 Ke3 58. Kg1 Kf3 59. Kf1 Qf2# 0-1

[Event "Live Chess"]
[Site "Chess.com"]
[Date "2023.05.21"]
[Round "-"]
[White "friarnator"]
[Black "Hussamalhaidar"]
[Result "1-0"]
[WhiteElo "2023"]
[BlackElo "1108"]
[TimeControl "300"]
[EndTime "5:47:11 PDT"]
[Termination "friarnator won by resignation"]

1. e4 Nc6 2. Nf3 e5 3. d4 exd4 4. Bc4 Na5 5. Qxd4 Nxc4 6. Qxc4 d6 7. O-O Nf6 8. e5 d5 9. Qh4 Ne4 10. Qxd8+ Kxd8 11. Be3 Bc5 12. Bxc5 Nxc5 13. Rd1 Be6 14. c4 c6 15. Nc3 Ke7 16. cxd5 cxd5 17. Nxd5+ Bxd5 18.
Rxd5 Ne4 19. Re1 Ke6 20. Rb5 a6 21. Rxb7 Rhb8 22. Rxb8 Rxb8 23. Rxe4 Rxb2 24. Re1 Rxa2 25. Kf1 a5 26. Ng5+ Kf5 27. Nxf7 Kg6 28. e6 a4 29.
e7 Kxf7 30. e8=Q+ Kf6 31. Qe6+ 1-0

[Event "Live Chess"]
[Site "Chess.com"]
[Date "2023.05.21"]
[Round "-"]
[White "SavagePawn7"]
[Black "CrypticF1"]
[Result "0-1"]
[WhiteElo "770"]
[BlackElo "460"]
[TimeControl "300"]
[EndTime "5:47:21 PDT"]
[Termination "CrypticF1 won on time"]

1. e4 c5 2. d4 Nc6 3. d5 Ne5 4. Nf3 Nxf3+ 5. Qxf3 Nf6 6. Nc3 d6 7. Bd3 g6 8. Bg5 Bg4 9. Qe3 Bg7 10. f3 Bd7 11. O-O O-O 12. Bxf6 Bxf6 13. f4 e5 14.
fxe5 dxe5 15. Qxc5 Be7 16. Qc4 f5 17. exf5 gxf5 18.
Rae1 e4 19. Nxe4 fxe4 20. Rxf8+ Qxf8 21. Rf1 Bf5 22. d6+ Qf7 23. Qxf7+ Kxf7 24. dxe7 Kxe7 25. Rxf5 exd3 26. cxd3 Rd8 27. Rf3 b5 28. g4 h6 29.
Kg2 b4 30. h4 a5 31. Kg3 a4 32. g5 hxg5 33. hxg5 Rg8 34. Kg4 Ke6 35. Rf6+ Ke5 36. b3 axb3 37. axb3 Rd8 38. Rb6 Rd4+ 39. Kh5 Kf5 40.
g6 Rxd3 41. Rxb4 Rh3+ 42. Rh4 Rxb3 43. g7 Rg3 44. g8=Q Rxg8 0-1

[Event "Live Chess"]
[Site "Chess.com"]
[Date "2023.05.21"]
[Round "-"]
[White "gmnorfolk"]
[Black "NotHarryV"]
[Result "1-0"]
[WhiteElo "2141"]
[BlackElo "1505"]
[TimeControl "300"]
[EndTime "5:47:26 PDT"]
[Termination "gmnorfolk won by resignation"]

1. d4 Nf6 2. c4 e6 3. Nc3 Bb4 4.
e3 c5 5. Ne2 O-O 6. a3 Bxc3+ 7.
Nxc3 cxd4 8. exd4 d5 9. c5 b6 10.
b4 bxc5 11. dxc5 a6 12. Be2 Bb7 13. O-O Qc7 14. Bg5 Nbd7 15. Bf3 Rad8 16. Re1 d4 17. Na4 Bxf3 18. Qxf3 e5 19. Bxf6 Nxf6 20. Nb6 e4 21. Rxe4 Nxe4 22. Qxe4 d3 23. Rd1 Rfe8 24. Qg4 d2 25. g3 Re1+ 26. Kg2 Rxd1 27. Qxd1 Qe5 28. Kf1 Qb2 29. Nc4 Qc1 30. Ne3 Qxd1+ 31. Nxd1 Rd3 32.
Ke2 Rxa3 33. Kxd2 Ra4 34. Kc3 Ra3+ 35. Kc4 Ra1 36. Nc3 Re1 37. c6 Re8 38. Kc5 Kf8 39.
Nd5 Rc8 40. c7 Ke8 41. Kc6 g5 42. Kb7 Rd8 43. cxd8=Q+ Kxd8 44. Kxa6 Kd7 45. Ka7 Kc6 46. Ka6 1-0